SR
ATHLETIC CLUB KC U-21 @ STATEN ISLAND PIZZA RATS
08/09/2032
 
TOP OF THE 1ST
Athletic Club KC U-21 batting - Pitching for Staten Island Pizza Rats : LHP Kevin Beckman
Pitching: LHP Kevin Beckman
Batting: RHB Woody Thomas 0-0: Ball
1-0: Foul Ball, location: 2F
1-1: Called Strike
1-2: Ball
2-2: Ball
3-2: Foul Ball, location: 2F
3-2: Ground out 6-3 (Groundball, 6S)
Batting: RHB Travis Murphy 0-0: Called Strike
0-1: Ball
1-1: Ball
2-1: Foul Ball, location: 2F
2-2: Foul Ball, location: 2F
2-2: Ball
3-2: SINGLE (Line Drive, 89S)
Batting: RHB Andy Roarick 0-0: Foul Ball, location: 2F
0-1: Called Strike
0-2: Ball
1-2: Foul Ball, location: 2F
1-2: Strikes out swinging
Batting: LHB León Guillén 0-0: Called Strike
0-1: Called Strike
0-2: Ball
Wild Pitch!
Travis Murphy to second
1-2: Ball
2-2: Foul Ball, location: 2F
2-2: Ground out U3 (Groundball, 3)
Top of the 1st over - 0 runs, 1 hit, 0 errors, 1 left on base; Athletic Club KC 0 - Staten Island 0
BOTTOM OF THE 1ST
Staten Island Pizza Rats batting - Pitching for Athletic Club KC U-21 : RHP Pat Cox
Pitching: RHP Pat Cox
Batting: SHB Cheong-hun Kang 0-0: Called Strike
0-1: Ground out 4-3 (Groundball, 4MD)
Batting: LHB Ryan Dudley 0-0: Swinging Strike
0-1: Foul Ball, location: 2F
0-2: Ball
1-2: Ball
2-2: Ball
3-2: Base on Balls
Batting: LHB Dallas McMurran 0-0: Reached on error, E6 (Groundball, 6M)
Ryan Dudley to second
Batting: RHB John Mayasich 0-0: Swinging Strike
0-1: Ball
1-1: Ball
2-1: Fly out, F4 (Flyball, 4D)
Batting: LHB Don Mosley 0-0: Ball
1-0: Called Strike
1-1: Foul Ball, location: 2F
1-2: Foul Ball, location: 2F
1-2: Foul Ball, location: 2F
1-2: Foul Ball, location: 2F
1-2: Ball
2-2: Ground out U3 (Groundball, 3)
Bottom of the 1st over - 0 runs, 0 hits, 1 error, 2 left on base; Athletic Club KC 0 - Staten Island 0
TOP OF THE 2ND
Athletic Club KC U-21 batting - Pitching for Staten Island Pizza Rats : LHP Kevin Beckman
Batting: RHB Domingo Zamora 0-0: Ball
1-0: Fly out, F9 (Flyball, 9LS)
Batting: RHB Elias Klomp 0-0: Ball
1-0: SINGLE (Line Drive, 6MD)
Batting: RHB Rafael Cortéz 0-0: Grounds into double play, 6-4-3 (Groundball, 6M)
Top of the 2nd over - 0 runs, 1 hit, 0 errors, 0 left on base; Athletic Club KC 0 - Staten Island 0
BOTTOM OF THE 2ND
Staten Island Pizza Rats batting - Pitching for Athletic Club KC U-21 : RHP Pat Cox
Batting: RHB Carlos Gonzáles 0-0: Ball
1-0: SINGLE (Groundball, 6MD)
Batting: LHB Andrés Rodríguez 0-0: Ball
1-0: Ball
2-0: Called Strike
2-1: Swinging Strike
2-2: Foul Ball, location: 2F
2-2: Ground out U3 (Groundball, 3)
Carlos Gonzáles to second
Batting: RHB Jung-gwon Ch'oe 0-0: Ball
1-0: Swinging Strike
1-1: Ball
2-1: DOUBLE (Line Drive, 7)
Carlos Gonzáles scores
Batting: RHB Tadao Tsukamoto 0-0: Foul Ball, location: 2F
0-1: Called Strike
0-2: Ball
1-2: Ground out 4-3 (Groundball, 4)
Jung-gwon Ch'oe to third
Batting: SHB Cheong-hun Kang 0-0: Ball
1-0: Called Strike
1-1: Swinging Strike
1-2: SINGLE (Line Drive, 89M)
Jung-gwon Ch'oe scores
Batting: LHB Ryan Dudley 0-0: Called Strike
0-1: Ball
1-1: DOUBLE (Flyball, 89D)
Cheong-hun Kang to third
Runner from 3rd tries for Home, SAFE, throw made at trailing runner, OUT at third!
Bottom of the 2nd over - 3 runs, 4 hits, 0 errors, 0 left on base; Athletic Club KC 0 - Staten Island 3
TOP OF THE 3RD
Athletic Club KC U-21 batting - Pitching for Staten Island Pizza Rats : LHP Kevin Beckman
Batting: RHB Rodrigo Sousa 0-0: Called Strike
0-1: Ball
1-1: Swinging Strike
1-2: Strikes out swinging
Batting: RHB Miguel Gómez 0-0: Foul Ball, location: 2F
0-1: Called Strike
0-2: Ball
1-2: Ball
2-2: Strikes out swinging
Batting: RHB Woody Thomas 0-0: Called Strike
0-1: Fly out, F4 (Popup, 34S)
Top of the 3rd over - 0 runs, 0 hits, 0 errors, 0 left on base; Athletic Club KC 0 - Staten Island 3
BOTTOM OF THE 3RD
Staten Island Pizza Rats batting - Pitching for Athletic Club KC U-21 : RHP Pat Cox
Batting: LHB Dallas McMurran 0-0: Ball
1-0: Foul Ball, location: 2F
1-1: Called Strike
1-2: Ground out 4-3 (Groundball, 34D)
Batting: RHB John Mayasich 0-0: Ball
1-0: Foul Ball, location: 2F
1-1: Foul Ball, location: 2F
1-2: Fly out, F8 (Flyball, 8LM)
Batting: LHB Don Mosley 0-0: Foul Ball, location: 2F
0-1: Called Strike
0-2: Ball
1-2: Fly out, F7 (Flyball, 78D)
Bottom of the 3rd over - 0 runs, 0 hits, 0 errors, 0 left on base; Athletic Club KC 0 - Staten Island 3
TOP OF THE 4TH
Athletic Club KC U-21 batting - Pitching for Staten Island Pizza Rats : LHP Kevin Beckman
Batting: RHB Travis Murphy 0-0: Fly out, F3 (Popup, 23F)
Batting: RHB Andy Roarick 0-0: Called Strike
0-1: Ball
1-1: SINGLE (Line Drive, 6MD)
Batting: LHB León Guillén 0-0: Foul Ball, location: 2F
0-1: Ball
1-1: Fly out, F9 (Flyball, 9LS)
Batting: RHB Domingo Zamora 0-0: Ball
1-0: Ball
2-0: Ball
3-0: Called Strike
3-1: Called Strike
3-2: Strikes out looking
Top of the 4th over - 0 runs, 1 hit, 0 errors, 1 left on base; Athletic Club KC 0 - Staten Island 3
BOTTOM OF THE 4TH
Staten Island Pizza Rats batting - Pitching for Athletic Club KC U-21 : RHP Pat Cox
Batting: RHB Carlos Gonzáles 0-0: Called Strike
0-1: SINGLE (Flyball, 8RS)
Batting: LHB Andrés Rodríguez 0-0: Foul Ball, location: 2F
0-1: Fly out, F9 (Flyball, 89M)
Batting: RHB Jung-gwon Ch'oe 0-0: Swinging Strike
Carlos Gonzáles is caught stealing 2nd base
0-1: Ball
1-1: Swinging Strike
1-2: Ball
2-2: Ball
3-2: Foul Ball, location: 2F
3-2: Foul Ball, location: 2F
3-2: Foul Ball, location: 2F
3-2: Base on Balls
Batting: RHB Tadao Tsukamoto 0-0: Foul Ball, location: 2F
0-1: Ball
1-1: Ball
2-1: SINGLE (Line Drive, 34D)
Jung-gwon Ch'oe to second
Batting: SHB Cheong-hun Kang 0-0: Fly out, F4 (Popup, 34)
Bottom of the 4th over - 0 runs, 2 hits, 0 errors, 2 left on base; Athletic Club KC 0 - Staten Island 3
TOP OF THE 5TH
Athletic Club KC U-21 batting - Pitching for Staten Island Pizza Rats : LHP Kevin Beckman
Batting: RHB Elias Klomp 0-0: Ball
1-0: Ball
2-0: Fly out, F2 (Popup, 2RF)
Batting: RHB Rafael Cortéz 0-0: Fly out, F4 (Popup, 23)
Batting: RHB Rodrigo Sousa 0-0: Swinging Strike
0-1: Ball
1-1: Ground out 5-3 (Groundball, 56S)
Top of the 5th over - 0 runs, 0 hits, 0 errors, 0 left on base; Athletic Club KC 0 - Staten Island 3
BOTTOM OF THE 5TH
Staten Island Pizza Rats batting - Pitching for Athletic Club KC U-21 : RHP Pat Cox
Batting: LHB Ryan Dudley 0-0: Ball
1-0: Called Strike
1-1: Foul Ball, location: 2F
1-2: Hit by Pitch
Batting: LHB Dallas McMurran 0-0: Ball
1-0: Ball
2-0: Ground out U3 (Groundball, 34S)
Ryan Dudley to second
Batting: RHB John Mayasich 0-0: Ball
1-0: Foul Ball, location: 2F
1-1: Swinging Strike
1-2: Ball
2-2: SINGLE (Groundball, 6D)
Ryan Dudley to third
Runner from 3rd tries for Home, SAFE, no throw
Batting: LHB Don Mosley 0-0: Called Strike
0-1: Ball
1-1: Foul Ball, location: 2F
1-2: Strikes out looking
Pitching: RHP Ricardo Silva
Batting: RHB Carlos Gonzáles 0-0: Called Strike
0-1: Ball
1-1: SINGLE (Groundball, 34S) (infield hit)
John Mayasich to second
Batting: LHB Andrés Rodríguez 0-0: Swinging Strike
0-1: Fly out, F8 (Flyball, 8RM)
Bottom of the 5th over - 1 run, 2 hits, 0 errors, 2 left on base; Athletic Club KC 0 - Staten Island 4
TOP OF THE 6TH
Athletic Club KC U-21 batting - Pitching for Staten Island Pizza Rats : LHP Kevin Beckman
Batting: RHB Miguel Gómez 0-0: Foul Ball, location: 2F
0-1: Ball
1-1: Swinging Strike
1-2: Strikes out looking
Batting: RHB Woody Thomas 0-0: Ground out 5-3 (Groundball, 56)
Batting: RHB Travis Murphy 0-0: Ball
1-0: Ball
2-0: Called Strike
2-1: Ball
3-1: Called Strike
3-2: Fly out, F7 (Flyball, 78S)
Top of the 6th over - 0 runs, 0 hits, 0 errors, 0 left on base; Athletic Club KC 0 - Staten Island 4
BOTTOM OF THE 6TH
Staten Island Pizza Rats batting - Pitching for Athletic Club KC U-21 : RHP Ricardo Silva
Batting: RHB Jung-gwon Ch'oe 0-0: Ball
1-0: Ball
2-0: Foul Ball, location: 2F
2-1: Foul Ball, location: 2F
2-2: Fly out, F8 (Flyball, 8LXD)
Batting: RHB Tadao Tsukamoto 0-0: Ball
1-0: SINGLE (Line Drive, 7S)
Batting: SHB Cheong-hun Kang 0-0: Fielders Choice at 2nd, 3-6 (Groundball, 3)
Batting: LHB Ryan Dudley 0-0: Ball
1-0: Foul Ball, location: 2F
1-1: Swinging Strike
1-2: Foul Ball, location: 2F
1-2: Fly out, F2 (Popup, 2RF)
Bottom of the 6th over - 0 runs, 1 hit, 0 errors, 1 left on base; Athletic Club KC 0 - Staten Island 4
TOP OF THE 7TH
Athletic Club KC U-21 batting - Pitching for Staten Island Pizza Rats : LHP Kevin Beckman
Batting: RHB Andy Roarick 0-0: Called Strike
0-1: Foul Ball, location: 2F
0-2: Foul Ball, location: 2F
0-2: Ball
1-2: Ball
2-2: Strikes out swinging
Batting: LHB León Guillén 0-0: Ball
1-0: Ball
2-0: Ball
3-0: Base on Balls
Batting: RHB Domingo Zamora 0-0: Called Strike
0-1: Foul Ball, location: 2F
0-2: Foul Ball, location: 2F
0-2: Ball
1-2: Ball
2-2: Strikes out swinging
Batting: RHB Elias Klomp 0-0: Ball
1-0: Fielders Choice at 2nd, 6-4 (Groundball, 6)
Top of the 7th over - 0 runs, 0 hits, 0 errors, 1 left on base; Athletic Club KC 0 - Staten Island 4
BOTTOM OF THE 7TH
Staten Island Pizza Rats batting - Pitching for Athletic Club KC U-21 : RHP Ricardo Silva
Batting: LHB Dallas McMurran 0-0: Ball
1-0: Ball
2-0: Called Strike
2-1: Called Strike
2-2: Ball
3-2: Foul Ball, location: 2F
3-2: Base on Balls
Batting: RHB John Mayasich 0-0: SINGLE (Line Drive, 78S)
Dallas McMurran to second
Runner from 2nd tries for 3rd, SAFE, no throw
Batting: LHB Don Mosley 0-0: Ball
1-0: Ball
2-0: Foul Ball, location: 2F
2-1: Foul Ball, location: 2F
2-2: Ball
3-2: SINGLE (Flyball, 7S)
Dallas McMurran scores
John Mayasich to second
Batting: RHB Carlos Gonzáles 0-0: Ball
1-0: Ball
2-0: SINGLE (Groundball, 6MD)
John Mayasich to third
Don Mosley to second
Batting: LHB Andrés Rodríguez 0-0: Called Strike
0-1: Swinging Strike
0-2: Ball
1-2: Ball
2-2: Ball
3-2: Fly out, F8 (Flyball, 8RD)
Runner from 3rd tags up, SCORES, throw made
Batting: RHB Jung-gwon Ch'oe 0-0: Called Strike
0-1: Fielders Choice at 2nd, 1-4 (Groundball, 15S)
Don Mosley to third
Batting: RHB Tadao Tsukamoto 0-0: Called Strike
0-1: Ground out 3-1 (Groundball, 34S)
Bottom of the 7th over - 2 runs, 3 hits, 0 errors, 2 left on base; Athletic Club KC 0 - Staten Island 6
TOP OF THE 8TH
Athletic Club KC U-21 batting - Pitching for Staten Island Pizza Rats : LHP Kevin Beckman
Batting: RHB Rafael Cortéz 0-0: Swinging Strike
0-1: Foul Ball, location: 2F
0-2: Ball
1-2: Ball
2-2: Strikes out swinging
Batting: RHB Rodrigo Sousa 0-0: Called Strike
0-1: Swinging Strike
0-2: Strikes out swinging
Batting: RHB Miguel Gómez 0-0: Foul Ball, location: 2F
0-1: Ball
1-1: Foul Ball, location: 2F
1-2: Ball
2-2: Strikes out looking
Top of the 8th over - 0 runs, 0 hits, 0 errors, 0 left on base; Athletic Club KC 0 - Staten Island 6
BOTTOM OF THE 8TH
Staten Island Pizza Rats batting - Pitching for Athletic Club KC U-21 : RHP Ricardo Silva
Batting: SHB Cheong-hun Kang 0-0: Ground out 4-3 (Groundball, 4)
Batting: LHB Ryan Dudley 0-0: Ball
1-0: Swinging Strike
1-1: SINGLE (Line Drive, 89S)
Batting: LHB Dallas McMurran 0-0: Fly out, F6 (Popup, 6D)
Batting: RHB John Mayasich 0-0: Called Strike
Ryan Dudley is caught stealing 2nd base
Bottom of the 8th over - 0 runs, 1 hit, 0 errors, 0 left on base; Athletic Club KC 0 - Staten Island 6
TOP OF THE 9TH
Athletic Club KC U-21 batting - Pitching for Staten Island Pizza Rats : LHP Kevin Beckman
Batting: RHB Woody Thomas 0-0: Ball
1-0: Ball
2-0: Ground out 6-3 (Groundball, 6)
Batting: RHB Travis Murphy 0-0: Swinging Strike
0-1: Foul Ball, location: 2F
0-2: Fly out, F9 (Flyball, 9S)
Batting: RHB Andy Roarick 0-0: Ball
1-0: Ground out 5-3 (Groundball, 56S)
Top of the 9th over - 0 runs, 0 hits, 0 errors, 0 left on base; Athletic Club KC 0 - Staten Island 6
Wednesday, September 19th, 2018 - OOTP Baseball 18.8 Build 76